 Dungeon Crawl Stone Soup version 0.32-a0-616-g9348d4545b (webtiles) character file.

Game seed: 3853944118346000390

913 jasper the Conjurer (level 7, -10/52 HPs)
             Began as a Demonspawn Shapeshifter on Mar 5, 2024.
             Mangled by an orc warrior
             ... wielding a +0 glaive
              (12 damage)
             ... on level 6 of the Dungeon.
             The game lasted 00:09:52 (6768 turns).

jasper the Conjurer (Demonspawn Shapeshifter)       Turns: 6768, Time: 00:09:53

Health: -10/52     AC:  4    Str: 14    XL:     7   Next: 82%
Magic:  0/11       EV: 12    Int: 12    God:
Gold:   189        SH:  6    Dex: 13    Spells: 6/12 levels left

rFire   . . .        b - +2 short sword (elec)
rCold   . . .        (no shield)
rNeg    . . .        g - +2 robe {Will+}
rPois   .            (helmet currently unavailable)
rElec   .            (cloak currently unavailable)
rCorr   +            (gloves currently unavailable)
SInv    .            (boots currently unavailable)
Will    +....        (no amulet)
Stlth   +            k - ring of resist corrosion
HPRegen 0.28/turn    (no ring)
MPRegen 0.12/turn

%: no passive effects
@: beast-form
A: beast (slay +1), large bone plates 2, demonic guardian 1
a: Begin Untransformation


You were on level 6 of the Dungeon.
You were a hulking beast.
You visited 1 branch of the dungeon, and saw 6 of its levels.

You collected 189 gold pieces.

Inventory:

Hand Weapons
 b - a +2 short sword of electrocution (weapon)
 i - a +1 rapier
Missiles
 e - 2 atropa-tipped darts
 m - 2 datura-tipped darts
 q - 27 stones
 r - 6 boomerangs
Armour
 a - a +0 animal skin
 f - a +1 leather armour
 g - a +2 robe of willpower (worn)
Magical Staves
 j - a staff of death
Jewellery
 k - a ring of resist corrosion (left hand)
Talismans
 c - a beast talisman (active)
 d - a flux talisman
Wands
 l - a wand of polymorph (7)
 p - a wand of flame (17)
Scrolls
 t - 2 scrolls of teleportation
Potions
 h - a potion of attraction {unknown}
 n - 2 potions of magic {unknown}
 o - a potion of berserk rage {unknown}
 s - a potion of mutation {unknown}


   Skills:
 - Level 3.0 Fighting
 - Level 1.7 Dodging
 - Level 3.4 Unarmed Combat
 - Level 3.0 Spellcasting
 + Level 4.8 Conjurations
 + Level 4.4 Earth Magic
 - Level 2.6 Shapeshifting


You had 6 spell levels left.
You knew the following spells:

 Your Spells              Type           Power      Damage    Failure   Level
a - Mephitic Cloud        Conj/Alch/Air  5%         N/A       36%         3
b - Stone Arrow           Conj/Erth      26%        3d8       11%         3

Your spell library contained the following spells:

 Spells                   Type           Power      Damage    Failure   Level
 Mercury Vapours          Alch/Air       2%         N/A       36%         2
 Tukima's Dance           Hex            1%         N/A       58%         3
 Volatile Blastmotes      Fire/Tloc      2%         2d10      58%         3
 Fulminant Prism          Conj/Alch      3%         3d5       65%         4
 Iskenderun's Mystic Bla  Conj/Tloc      7%         2d4       65%         4
 Animate Armour           Summ/Erth      14%        N/A       69%         4
 Dimensional Bullseye     Hex/Tloc       0%         N/A       94%         4
 Freezing Cloud           Conj/Ice/Air   2%         6-21      98%         5
 Lehudib's Crystal Spear  Conj/Erth      6%         10d3      100%        8


Dungeon Overview and Level Annotations

Branches:
Dungeon (6/15)
 Temple: D:4-7

Altars:
Dithmenos
Gozag
Qazlal
Uskayaw

Annotations:
D:2 1 runed translucent door, Crazy Yiuf


Innate Abilities, Weirdness & Mutations

You are a hulking beast.
Your limbs bulge with bestial killing power. (Slay +1)
You are mostly covered in large bone plates. (SH +6)
A weak demonic guardian rushes to your aid.


Message History

The orc warrior is severely wounded.
You block the orc priest's attack. The orc warrior misses you.
You barely miss the orc warrior.
The orc warrior is severely wounded.
The orc priest misses you. You block the orc warrior's attack.
You closely miss the orc warrior.
The orc warrior is severely wounded.
The orc priest barely misses you. The orc warrior barely misses you.
You hit the orc warrior but do no damage.
The orc warrior is severely wounded.
The orc priest hits you from afar with a +0 trident.
The orc warrior closely misses you.
You take 2 damage, and have 21/52 hp.
You closely miss the orc warrior.
The orc warrior is severely wounded.
The orc priest looks satisfied for a moment.
You block the orc warrior's attack.
You hit the orc warrior but do no damage.
The orc warrior is severely wounded.
The orc priest calls down the wrath of Beogh upon you.
Beogh smites you!
* * * LOW HITPOINT WARNING * * *
A demonic guardian appears!
The orc warrior barely misses you.
You take 12 damage, and have 9/52 hp.
MASSIVE DAMAGE!!
You hit the orc warrior but do no damage.
The orc warrior is severely wounded.
You block the orc warrior's attack.
The orc priest hits you from afar with a +0 trident!
* * * LOW HITPOINT WARNING * * *
You take 7 damage, and have 2/52 hp.
Casting: Stone Arrow (dangerous; 11% risk of failure)
Confirm with . or Enter, or press ? or * to list all spells.
Aiming: Stone Arrow (dangerous; 11% risk of failure)
Press: ? - help, Shift-Dir - straight line, f/p - orc warrior
Aim: an orc warrior, wielding a +0 glaive and wearing a +0 plate armour (severely wounded, 68% to hit)
The stone arrow misses the orc warrior.
Your ufetubus hits the orc priest but does no damage.
Your ufetubus hits the orc priest.
The orc warrior hits you with a +0 glaive!
You die...

#####...####...
...............
#............
#........... #
#.........##+#+#.#
#......>.. ....$.#
#....5..###......#
#....o.ho........#
+..#'#####.).....#
# #)#.#.#.# #<# #
###


You could see an orc warrior, an orc priest (distracted, ally target) and a
friendly ufetubus (summoned).

Vanquished Creatures
  Prince Ribbit (D:6)
  A water moccasin (D:5)
  2 bombardier beetles (D:5)
  2 hounds
  3 jellies
  2 orc priests
  Jessica (D:3)
  2 iguanas
  An orc wizard (D:6)
  Ijyb (D:4)
  3 adders
  3 gnolls (D:4)
  A shadow imp (D:5)
  2 ufetubi (D:6)
  A dart slug (D:1)
  2 ribbon worms
  10 orcs
  7 ball pythons
  11 endoplasms
  6 giant cockroaches
  7 goblins
  7 hobgoblins
  4 quokkas
  11 bats
  4 frilled lizards
  6 kobolds
  7 rats
108 creatures vanquished.

Vanquished Creatures (others)
  A gnoll (D:4)
1 creature vanquished.

Grand Total: 109 creatures vanquished

Notes
Turn   | Place    | Note
-------+----------+-------------------------------------------
     0 | D:1      | jasper the Demonspawn Shapeshifter began the quest for the
                  | Orb.
     0 | D:1      | Reached XP level 1. HP: 15/15 MP: 1/1
   339 | D:1      | Gained mutation: You are partially covered in large bone
                  | plates. (SH +4) [demonic ancestry]
   339 | D:1      | Reached XP level 2. HP: 21/21 MP: 2/2
   848 | D:1      | Gained mutation: A weak demonic guardian rushes to your
                  | aid. [demonic ancestry]
   848 | D:1      | Reached XP level 3. HP: 13/26 MP: 3/3
  1443 | D:2      | Learned a level 3 spell: Mephitic Cloud
  1473 | D:2      | Reached skill level 1 in Spellcasting
  1981 | D:2      | Reached XP level 4. HP: 30/34 MP: 5/5
  2027 | D:2      | Found a runed translucent door.
  2028 | D:2      | Noticed Crazy Yiuf
  2402 | D:3      | Noticed Jessica
  2414 | D:3      | Killed Jessica
  2440 | D:3      | Learned a level 3 spell: Stone Arrow
  2751 | D:3      | Found an opulent altar of Gozag.
  2777 | D:3      | Found a stormy altar of Qazlal.
  2875 | D:3      | Found a faded altar of an unknown god.
  3132 | D:3      | Reached XP level 5. HP: 13/41 MP: 7/7
  3440 | D:3      | Found a hide-covered altar of Uskayaw.
  3876 | D:3      | Reached skill level 1 in Conjurations
  3876 | D:3      | Reached skill level 1 in Earth Magic
  4301 | D:4      | HP: 2/41 [gnoll/+0 halberd (5)]
  4613 | D:4      | Reached XP level 6. HP: 47/47 MP: 9/9
  4672 | D:4      | Noticed Ijyb
  4686 | D:4      | Killed Ijyb
  5056 | D:5      | Entered Level 5 of the Dungeon
  5567 | D:5      | Found a shadowy altar of Dithmenos.
  5688 | D:5      | Gained mutation: You are mostly covered in large bone
                  | plates. (SH +6) [demonic ancestry]
  5688 | D:5      | Reached XP level 7. HP: 43/52 MP: 11/11
  6542 | D:6      | Noticed Prince Ribbit
  6641 | D:6      | Killed Prince Ribbit
  6767 | D:6      | HP: 2/52 [orc priest/+0 trident (7)]
  6768 | D:6      | Mangled by an orc warrior

Illustrated notes

Levels and vault maps discovered:
D:1:      amcnicky_arrival_flooded_fountain, layout_basic,
          chequers_serial_rivers_micro_b, minmay_box_of_dots
D:2:      layout_basic, uniq_crazy_yiuf_cottage
D:3:      layout_basic, mainiacjoe_overflow_alcove_2, old_standard_altar,
          mainiacjoe_overflow_alcove_1, mainiacjoe_overflow_alcove_4,
          shapermc_ecumenical_altar_ellora, kennysheep_doodads, uniq_jessica
D:4:      layout_rooms, overflow_temple_1_default, uniq_ijyb
D:5:      layout_basic, grunt_dithmenos_shadows
D:6:      layout_basic, lemuel_zombie_altar_yredelemnul,
          ebering_ghost_rock_garden, uniq_blork_the_orc, uniq_prince_ribbit1

Skill      XL: |  1  2  3  4  5  6  7 |
---------------+----------------------+-----
Unarmed Combat | 3 |  3.4
Fighting       | 2 3 |  3.0
Spellcasting   | 1 2 3 |  3.0
Conjurations   | 2 3 4 |  4.8
Earth Magic    | 1 3 4 |  4.4
Dodging        | |  1.7
Shapeshifting  | |  2.6

Action                     |  1- 3 |  4- 6 |  7- 9 || total
---------------------------+-------+-------+-------++-------
  Melee: Unarmed           |   158 |    83 |       ||   241
         Punch             |     2 |       |       ||     2
         Short sword       |       |   108 |    24 ||   132
  Throw: Dart              |       |     3 |       ||     3
   Cast: Stone Arrow       |       |     1 |    17 ||    18
    Use: Scroll            |       |    11 |       ||    11
         Potion            |       |     3 |       ||     3
   Stab: Sleeping          |     1 |     1 |       ||     2
         Distracted        |       |     1 |       ||     1
 Armour: Animal skin       |     3 |       |       ||     3
         Leather armour    |    75 |     7 |       ||    82
         Robe              |       |    80 |    11 ||    91
         Skin              |       |     2 |       ||     2
  Dodge: Dodged            |    81 |    75 |    18 ||   174
  Block: Other             |    29 |    36 |     6 ||    71

Table legend: (Time is in decaauts)
 A = Elapsed time spent in this place.
 B = Non-inter-level travel time spent in this place.
 C = Inter-level travel time spent in this place.
 D = Time resting spent in this place.
 E = Time spent auto-exploring this place.
 F = Levels seen in this place.
 G = Mean time per level.
                   A        B        C        D        E       F      G
               +--------+--------+--------+--------+--------+-----+--------+
         Total |   6772 |   6468 |    304 |   1004 |   4357 |   6 | 1128.7 |
       Dungeon |   6772 |   6468 |    304 |   1004 |   4357 |   6 | 1128.7 |
               +--------+--------+--------+--------+--------+-----+--------+

Top non-repeatable levels by time:
     D:3: 1989 daAuts
     D:5: 1603 daAuts
     D:1: 1356 daAuts
     D:2: 1018 daAuts
     D:4: 694 daAuts
     D:6: 111 daAuts
